 Dungeon Crawl Stone Soup version 0.27.1-33-g824d729ab1 (webtiles) character file.

Game seed: 13302404317619456327

206 unlimited1921 the Slasher (level 5, -2/28 HPs)
             Began as a Vine Stalker Fighter on Dec 30, 2021.
             Slain by Duvessa (11 damage)
             ... on level 4 of the Dungeon.
             The game lasted 00:07:34 (2613 turns).

unlimited1921 the Slasher (Vine Stalker Fighter)    Turns: 2613, Time: 00:07:34

Health: -2/28      AC: 13    Str: 20    XL:     5   Next: 84%
Magic:  0/15       EV:  5    Int:  8    God:
Gold:   131        SH:  9    Dex: 13    Spells: 4/4 levels left

rFire    . . .     SeeInvis .   a - +0 long sword
rCold    + . .     Faith    .   c - +0 kite shield
rNeg     . . .     Spirit   +   g - +2 chain mail {rC+}
rPois    .         Reflect  .   j - +2 hat
rElec    .         Harm     .   (no cloak)
rCorr    .         Rampage  .   (no gloves)
Will     .....                  (no boots)
Stlth    ..........             (no amulet)
HPRegen  1.09/turn              l - ring of magical power
MPRegen  0.14/turn              (no ring)

@: no status effects
A: fangs 2, regeneration 1, magic shield, antimagic bite, no potion heal 2
a: no special abilities


You were on level 4 of the Dungeon.
You visited 1 branch of the dungeon, and saw 4 of its levels.

You collected 131 gold pieces.

Inventory:

Hand Weapons
 a - a +0 long sword (weapon)
 f - a +0 club
Armour
 c - a +0 kite shield (worn)
 g - a +2 chain mail of cold resistance (worn)
 j - a +2 hat (worn)
Jewellery
 l - a ring of magical power (left hand)
Scrolls
 b - a scroll of identify {unknown}
 h - a scroll of teleportation
 k - a scroll of fog {unknown}
 m - a scroll of magic mapping {unknown}
 n - a scroll of blinking {unknown}
Potions
 d - a potion of might
 e - a potion of mutation {unknown}


   Skills:
 + Level 3.3 Fighting
 + Level 3.7 Long Blades
 + Level 3.1 Armour
 + Level 0.5 Dodging
 + Level 0.1 Stealth
 + Level 3.4 Shields


You had 4 spell levels left.
You didn't know any spells.
Your spell library contained the following spells:

 Spells                   Type           Power      Damage    Failure   Level
 Sandblast                Erth           0%         2d4       100%        1
 Blink                    Tloc           N/A        N/A       100%        2
 Passwall                 Tmut/Erth      0%         N/A       100%        2
 Lesser Beckoning         Tloc           0%         N/A       100%        3
 Lee's Rapid Deconstruct  Erth           0%         3d5*      100%        5
 Manifold Assault         Tloc           0%         N/A       100%        5


Dungeon Overview and Level Annotations

Branches:
Dungeon (4/15)
 Temple: D:4-7

Altars:
Yredelemnul

Shops:
D:1 ?

Annotations:
D:4 Duvessa


Innate Abilities, Weirdness & Mutations

You have extremely sharp teeth.
Your natural rate of healing is unusually fast.
When hurt, damage is shared between your health and your magic reserves.
Your bite disrupts and absorbs the magic of your enemies.
Potions cannot restore your health.


Message History

You see here a +0 short sword.
Unknown command.
Duvessa shouts!
You slash Dowan! You bite Dowan.
Dowan's magic leaks into the air.
You drain his magic.
Dowan is heavily wounded.
Dowan mumbles some strange words.
Dowan blinks!
A goblin comes into view. It is wielding a +0 club.
A black bear comes into view.
The goblin shouts!
You slash Dowan!
Dowan is almost dead.
Dowan smirks and points a slender finger.
Dowan closely misses you. Dowan hits you but does no damage.
Dowan hits you with a +0 dagger.
Unknown command.
You slash Dowan!
You kill Dowan!
Duvessa screams, "No!
How DARE you!"
Duvessa goes berserk!
Duvessa hits you with a +0 rapier.
You hit Duvessa. You bite Duvessa, but do no damage.
Duvessa is lightly wounded.
You block Duvessa's attack. Duvessa hits you with a +0 rapier!
You slash Duvessa! You bite Duvessa, but do no damage.
Duvessa is lightly wounded.
Duvessa hits you with a +0 rapier.
An endoplasm comes into view.
You block Duvessa's attack.
You barely miss Duvessa.
The endoplasm quivers.
Your bite misses Duvessa.
Duvessa is lightly wounded.
Duvessa hits you with a +0 rapier. Duvessa hits you with a +0 rapier!
* * * LOW HITPOINT WARNING * * *
You see here a +0 short sword.
You block Duvessa's attack.
There is a stone staircase leading up here.
You block Duvessa's attack. Duvessa hits you with a +0 rapier!
You die...

#.....(.#####
+..........>##
#............#
#............#
#............##
#....)........#
..##.....#).####.#.
........eh.........
.......@##.)........
#.#####.###.####.#.
###.###.####.#.
...............
.......J####.#.
........$ ..........
...........
..........e(


You could see Duvessa (berserk) and a black bear.

Vanquished Creatures
  Dowan (D:4)
  An orc priest (D:4)
  A centaur skeleton (D:3)
  4 gnolls (D:3)
  A worm (D:2)
  2 dart slugs
  2 orcs (D:4)
  6 bats
  2 endoplasms
  4 giant cockroaches
  6 hobgoblins
  3 jackals (D:1)
  6 quokkas
  3 ball pythons
  3 frilled lizards
  5 goblins
  A kobold (D:3)
  4 rats
55 creatures vanquished.

Notes
Turn   | Place    | Note
-------+----------+-------------------------------------------
     0 | D:1      | unlimited1921 the Vine Stalker Fighter began the quest for
                  | the Orb.
     0 | D:1      | Reached XP level 1. HP: 11/11 MP: 2/2
   125 | D:1      | Found a faded altar of an unknown god.
   169 | D:1      | Reached XP level 2. HP: 13/16 MP: 3/3
   610 | D:1      | Reached XP level 3. HP: 19/19 MP: 4/4
   708 | D:1      | Found Yddoithro's Magic Scroll Shop.
  1513 | D:2      | Found a basalt altar of Yredelemnul.
  1794 | D:3      | Gained mutation: Your natural rate of healing is unusually
                  | fast. [Vine Stalker growth]
  1794 | D:3      | Reached XP level 4. HP: 24/24 MP: 5/5
  1913 | D:3      | Reached XP level 5. HP: 28/28 MP: 4/6
  2595 | D:4      | Noticed Dowan
  2596 | D:4      | Noticed Duvessa
  2604 | D:4      | Noticed a black bear
  2606 | D:4      | Killed Dowan
  2613 | D:4      | Slain by Duvessa

Illustrated notes

Levels and vault maps discovered:
D:1:      grunt_arrival_lava_bath, layout_basic,
          shapermc_ecumenical_altar_totnotflames, serial_shops, shop
D:2:      layout_basic, basic_altar
D:3:      layout_basic, minivault_14, wad_floor_pattern_1,
          amcnicky_mini_corridor_feature
D:4:      layout_basic, uniq_duvessa

Skill      XL: |  1  2  3  4  5 |
---------------+----------------+-----
Long Blades    | 2 3 |  3.7
Shields        | 3 |  3.4
Fighting       | 3 |  3.3
Armour         | 3 |  3.1
Dodging        | |  0.5
Stealth        | |  0.1

Action                   |  1- 3 |  4- 6 || total
-------------------------+-------+-------++-------
Melee: Long sword        |   102 |    62 ||   164
       Bite              |    31 |    15 ||    46
Throw: Throwing net      |       |     1 ||     1
  Use: Scroll            |     1 |       ||     1
Armor: Scale mail        |    40 |       ||    40
       Chain mail        |    30 |    40 ||    70
Dodge: Dodged            |    33 |     9 ||    42
Block: Kite shield       |    60 |    41 ||   101
       Rpst.: Long sword |    12 |       ||    12
